TOP OF THE 1ST |
Bowling Green Hot Rods batting - Pitching for West Michigan Whitecaps : RHP Ricky Tercero
|
Pitching: RHP Ricky Tercero
|
|
Batting: RHB Jonathan Fraire
|
0-0: Ball 1-0: Ball 2-0: Ball 3-0: Called Strike 3-1: Reached on error, E6 (Groundball, 6, EV 84.4 MPH)
|
Batting: LHB Jake Rheaume
|
0-0: Called Strike 0-1: Foul Ball, location: 2F 0-2: Ball 1-2: 2-RUN HOME RUN (Flyball, 78XD, EV 111.9 MPH), Distance : 423 ft
|
Batting: RHB Adam Kaeser
|
0-0: Swinging Strike 0-1: Foul Ball, location: 2F 0-2: Ball 1-2: Ball 2-2: Ball 3-2: Foul Ball, location: 2F 3-2: DOUBLE (Line Drive, 8LXD, EV 102.5 MPH)
|
Batting: LHB Mario Ocana
|
0-0: Called Strike 0-1: Swinging Strike 0-2: Strikes out swinging
|
Batting: RHB David Ward
|
0-0: Ball 1-0: Called Strike 1-1: Swinging Strike 1-2: Strikes out swinging
|
Batting: RHB Azedine Kirui
|
0-0: Foul Ball, location: 2F 0-1: Ground out 5-3 (Groundball, 56S, EV 86.3 MPH)
|
Top of the 1st over - 2 runs, 2 hits, 1 error, 1 left on base; Bowling Green 2 - West Michigan 0 |
BOTTOM OF THE 1ST |
West Michigan Whitecaps batting - Pitching for Bowling Green Hot Rods : LHP Chris Ross
|
Pitching: LHP Chris Ross
|
|
Batting: RHB Rocky Hart
|
0-0: Ball 1-0: Ball 2-0: Ball 3-0: Base on Balls
|
Batting: RHB Aaron Cusick
|
0-0: Ball 1-0: Swinging Strike 1-1: Swinging Strike 1-2: Ball 2-2: Ball 3-2: Strikes out swinging
|
Batting: SHB Andy Vivas
|
0-0: Ball 1-0: Ball 2-0: Ball 3-0: Called Strike 3-1: Base on Balls Rocky Hart to second
|
Batting: RHB Bill Cabrera
|
0-0: Ball 1-0: Called Strike 1-1: Swinging Strike 1-2: Foul Ball, location: 2F 1-2: Ball 2-2: Strikes out looking
|
Batting: RHB Jon Pierce
|
0-0: Called Strike 0-1: Ball 1-1: Foul Ball, location: 2F 1-2: Strikes out swinging
|
Bottom of the 1st over - 0 runs, 0 hits, 0 errors, 2 left on base; Bowling Green 2 - West Michigan 0 |
TOP OF THE 2ND |
Bowling Green Hot Rods batting - Pitching for West Michigan Whitecaps : RHP Ricky Tercero
|
Batting: LHB Jimmy Detrie
|
0-0: Ground out 6-3 (Groundball, 6, EV 100.6 MPH)
|
Batting: RHB Kevin Benfield
|
0-0: Called Strike 0-1: Foul Ball, location: 2F 0-2: Ground out 3-1 (Groundball, 34, EV 77.5 MPH)
|
Batting: RHB Eric Waugaman
|
0-0: Ball 1-0: Called Strike 1-1: Called Strike 1-2: Strikes out swinging
|
Top of the 2nd over - 0 runs, 0 hits, 0 errors, 0 left on base; Bowling Green 2 - West Michigan 0 |
BOTTOM OF THE 2ND |
West Michigan Whitecaps batting - Pitching for Bowling Green Hot Rods : LHP Chris Ross
|
Batting: RHB Victor Reyes
|
0-0: Ball 1-0: Foul Ball, location: 2F 1-1: Called Strike 1-2: Fly out, F8 (Flyball, 8LM, EV 90.0 MPH)
|
Batting: RHB Mike Olsen
|
0-0: Ground out 4-3 (Groundball, 4, EV 77.5 MPH)
|
Batting: RHB Vince Chipman
|
0-0: Ball 1-0: Ball 2-0: Ground out U3 (Groundball, 34S, EV 86.9 MPH)
|
Bottom of the 2nd over - 0 runs, 0 hits, 0 errors, 0 left on base; Bowling Green 2 - West Michigan 0 |
TOP OF THE 3RD |
Bowling Green Hot Rods batting - Pitching for West Michigan Whitecaps : RHP Ricky Tercero
|
Batting: RHB Jonathan Fraire
|
0-0: Swinging Strike 0-1: Ball 1-1: SINGLE (Flyball, 56D, EV 87.5 MPH)
|
Batting: LHB Jake Rheaume
|
0-0: Ball 1-0: Called Strike 1-1: Ball 2-1: Foul Ball, location: 2F 2-2: Ball 3-2: Base on Balls Jonathan Fraire to second
|
Batting: RHB Adam Kaeser
|
0-0: Ball 1-0: Ball 2-0: Ball 3-0: Base on Balls Jonathan Fraire to third Jake Rheaume to second
|
Batting: LHB Mario Ocana
|
0-0: Ball 1-0: Ball 2-0: Ball 3-0: Base on Balls Jonathan Fraire scores Jake Rheaume to third Adam Kaeser to second
|
Batting: RHB David Ward
|
0-0: Ball 1-0: Swinging Strike 1-1: Swinging Strike 1-2: Ball 2-2: Foul Ball, location: 2F 2-2: Fly out, F9 (Flyball, 89M, EV 90.0 MPH) Runner from 3rd tags up, OUT at HOME! 9-2 Adam Kaeser to third Mario Ocana to second
|
Batting: RHB Azedine Kirui
|
0-0: Ball 1-0: Ball 2-0: Ground out 6-3 (Groundball, 6S, EV 90.6 MPH)
|
Top of the 3rd over - 1 run, 1 hit, 0 errors, 2 left on base; Bowling Green 3 - West Michigan 0 |
BOTTOM OF THE 3RD |
West Michigan Whitecaps batting - Pitching for Bowling Green Hot Rods : LHP Chris Ross
|
Batting: RHB Sergio Valbuena
|
0-0: Ball 1-0: Foul Ball, location: 2F 1-1: Foul Ball, location: 2F 1-2: Strikes out swinging
|
Batting: RHB Rocky Hart
|
0-0: Called Strike 0-1: Called Strike 0-2: Ball 1-2: Strikes out swinging
|
Batting: RHB Aaron Cusick
|
0-0: Called Strike 0-1: Ground out 6-3 (Groundball, 6, EV 82.5 MPH)
|
Bottom of the 3rd over - 0 runs, 0 hits, 0 errors, 0 left on base; Bowling Green 3 - West Michigan 0 |
TOP OF THE 4TH |
Bowling Green Hot Rods batting - Pitching for West Michigan Whitecaps : RHP Ricky Tercero
|
Batting: LHB Jimmy Detrie
|
0-0: Ball 1-0: Foul Ball, location: 2F 1-1: Fly out, F7 (Flyball, 7, EV 74.4 MPH)
|
Batting: RHB Kevin Benfield
|
0-0: Foul Ball, location: 2F 0-1: Fly out, F8 (Flyball, 89XD, EV 108.8 MPH)
|
Batting: RHB Eric Waugaman
|
0-0: DOUBLE (Line Drive, 3D, EV 97.5 MPH)
|
Batting: RHB Jonathan Fraire
|
0-0: Foul Ball, location: 2F 0-1: Hit by Pitch
|
Batting: LHB Jake Rheaume
|
0-0: Ball 1-0: Ball 2-0: Fly out, F9 (Flyball, 9, EV 79.4 MPH)
|
Top of the 4th over - 0 runs, 1 hit, 0 errors, 2 left on base; Bowling Green 3 - West Michigan 0 |
BOTTOM OF THE 4TH |
West Michigan Whitecaps batting - Pitching for Bowling Green Hot Rods : LHP Chris Ross
|
Batting: SHB Andy Vivas
|
0-0: Ball 1-0: Ball 2-0: Foul Ball, location: 2F 2-1: Ground out 6-3 (Groundball, 6, EV 101.3 MPH)
|
Batting: RHB Bill Cabrera
|
0-0: Called Strike 0-1: Ball 1-1: Foul Ball, location: 2F 1-2: Strikes out swinging
|
Batting: RHB Jon Pierce
|
0-0: DOUBLE (Flyball, 8RXD, EV 102.5 MPH)
|
Batting: RHB Victor Reyes
|
0-0: Ground out 5-3 (Groundball, 56, EV 85.6 MPH)
|
Bottom of the 4th over - 0 runs, 1 hit, 0 errors, 1 left on base; Bowling Green 3 - West Michigan 0 |
TOP OF THE 5TH |
Bowling Green Hot Rods batting - Pitching for West Michigan Whitecaps : RHP Ricky Tercero
|
Batting: RHB Adam Kaeser
|
0-0: Ball 1-0: Called Strike 1-1: Called Strike 1-2: Ball 2-2: Strikes out swinging
|
Batting: LHB Mario Ocana
|
0-0: Ball 1-0: Ball 2-0: Called Strike 2-1: Ground out U3 (Groundball, 3, EV 87.5 MPH)
|
Batting: RHB David Ward
|
0-0: Foul Ball, location: 2F 0-1: Ball 1-1: Ball 2-1: DOUBLE (Flyball, 8LXD, EV 111.9 MPH)
|
Batting: RHB Azedine Kirui
|
0-0: Ball 1-0: Ground out 6-3 (Groundball, 6, EV 97.5 MPH)
|
Top of the 5th over - 0 runs, 1 hit, 0 errors, 1 left on base; Bowling Green 3 - West Michigan 0 |
BOTTOM OF THE 5TH |
West Michigan Whitecaps batting - Pitching for Bowling Green Hot Rods : LHP Chris Ross
|
Batting: RHB Mike Olsen
|
0-0: Called Strike 0-1: Called Strike 0-2: Strikes out looking
|
Batting: RHB Vince Chipman
|
0-0: Ball 1-0: Swinging Strike 1-1: Ball 2-1: Ground out U3 (Groundball, 13, EV 83.1 MPH)
|
Batting: RHB Sergio Valbuena
|
0-0: Ball 1-0: Ball 2-0: Ball 3-0: Called Strike 3-1: Fly out, F9 (Flyball, 89D, EV 96.3 MPH)
|
Bottom of the 5th over - 0 runs, 0 hits, 0 errors, 0 left on base; Bowling Green 3 - West Michigan 0 |
TOP OF THE 6TH |
Bowling Green Hot Rods batting - Pitching for West Michigan Whitecaps : RHP Ricky Tercero
|
Batting: LHB Jimmy Detrie
|
0-0: Ball 1-0: Ball 2-0: Called Strike 2-1: Foul Ball, location: 2F 2-2: Strikes out swinging
|
Batting: RHB Kevin Benfield
|
0-0: Called Strike 0-1: Called Strike 0-2: Ball 1-2: Strikes out swinging
|
Batting: RHB Eric Waugaman
|
0-0: Ball 1-0: Called Strike 1-1: Foul Ball, location: 2F 1-2: Ball 2-2: Foul Ball, location: 2F 2-2: Strikes out swinging
|
Top of the 6th over - 0 runs, 0 hits, 0 errors, 0 left on base; Bowling Green 3 - West Michigan 0 |
BOTTOM OF THE 6TH |
West Michigan Whitecaps batting - Pitching for Bowling Green Hot Rods : LHP Chris Ross
|
Batting: RHB Rocky Hart
|
0-0: Ball 1-0: Ball 2-0: Ground out 4-3 (Groundball, 4, EV 102.5 MPH)
|
Batting: RHB Aaron Cusick
|
0-0: Called Strike 0-1: Ball 1-1: Called Strike 1-2: Ball 2-2: DOUBLE (Line Drive, 7LM, EV 104.4 MPH)
|
Batting: SHB Andy Vivas
|
0-0: Ball 1-0: Ground out 4-3 (Groundball, 4, EV 89.4 MPH) Aaron Cusick to third
|
Batting: RHB Bill Cabrera
|
0-0: Ground out 5-3 (Groundball, 56S, EV 84.4 MPH)
|
Bottom of the 6th over - 0 runs, 1 hit, 0 errors, 1 left on base; Bowling Green 3 - West Michigan 0 |
TOP OF THE 7TH |
Bowling Green Hot Rods batting - Pitching for West Michigan Whitecaps : RHP Ricky Tercero
|
Pitching: RHP David Esposito
|
|
Batting: RHB Jonathan Fraire
|
0-0: Ball 1-0: TRIPLE (Groundball, 3L, EV 105.0 MPH)
|
Batting: LHB Jake Rheaume
|
0-0: Called Strike 0-1: Fly out, F7 (Flyball, 78D, EV 96.3 MPH) Runner from 3rd tags up, SCORES, no throw by LF
|
Batting: RHB Adam Kaeser
|
0-0: Called Strike 0-1: Ball 1-1: Ball 2-1: Ground out 5-3 (Groundball, 56S, EV 73.8 MPH)
|
Batting: LHB Mario Ocana
|
0-0: Called Strike 0-1: Ball 1-1: Ground out 4-3 (Groundball, 34, EV 105.6 MPH)
|
Top of the 7th over - 1 run, 1 hit, 0 errors, 0 left on base; Bowling Green 4 - West Michigan 0 |
BOTTOM OF THE 7TH |
West Michigan Whitecaps batting - Pitching for Bowling Green Hot Rods : LHP Chris Ross
|
Batting: RHB Jon Pierce
|
0-0: Fly out, F9 (Flyball, 89M, EV 88.1 MPH)
|
Batting: RHB Victor Reyes
|
0-0: Ball 1-0: Fly out, F7 (Flyball, 7S, EV 86.9 MPH)
|
Batting: RHB Mike Olsen
|
0-0: Called Strike 0-1: Foul Ball, location: 2F 0-2: Strikes out swinging
|
Bottom of the 7th over - 0 runs, 0 hits, 0 errors, 0 left on base; Bowling Green 4 - West Michigan 0 |
TOP OF THE 8TH |
Bowling Green Hot Rods batting - Pitching for West Michigan Whitecaps : RHP David Esposito
|
Batting: RHB David Ward
|
0-0: Ball 1-0: Ball 2-0: Ground out 6-3 (Groundball, 6, EV 88.1 MPH)
|
Batting: RHB Azedine Kirui
|
0-0: Foul Ball, location: 2F 0-1: Ground out 4-3 (Groundball, 4, EV 84.4 MPH)
|
Batting: LHB Jimmy Detrie
|
0-0: Called Strike 0-1: Foul Ball, location: 2F 0-2: Ball 1-2: Ball 2-2: SINGLE (Groundball, 4MD, EV 95.0 MPH)
|
Batting: RHB Kevin Benfield
|
0-0: Foul Ball, location: 2F 0-1: Ball 1-1: Called Strike 1-2: Ball 2-2: SINGLE (Line Drive, 8LS, EV 93.1 MPH) Jimmy Detrie to second
|
Batting: RHB Eric Waugaman
|
0-0: Called Strike 0-1: Foul Ball, location: 2F 0-2: Strikes out swinging
|
Top of the 8th over - 0 runs, 2 hits, 0 errors, 2 left on base; Bowling Green 4 - West Michigan 0 |
BOTTOM OF THE 8TH |
West Michigan Whitecaps batting - Pitching for Bowling Green Hot Rods : LHP Chris Ross
|
Batting: RHB Vince Chipman
|
0-0: Called Strike 0-1: Swinging Strike 0-2: Fly out, F7 (Flyball, 7LM, EV 91.3 MPH)
|
Batting: RHB Sergio Valbuena
|
0-0: Foul Ball, location: 2F 0-1: Foul Ball, location: 2F 0-2: Ball 1-2: Fly out, F7 (Flyball, 78XD, EV 99.4 MPH)
|
Batting: RHB Rocky Hart
|
0-0: Called Strike 0-1: Ball 1-1: Ball 2-1: Swinging Strike 2-2: Strikes out swinging
|
Bottom of the 8th over - 0 runs, 0 hits, 0 errors, 0 left on base; Bowling Green 4 - West Michigan 0 |
TOP OF THE 9TH |
Bowling Green Hot Rods batting - Pitching for West Michigan Whitecaps : RHP David Esposito
|
Pitching: LHP Valentin Ciubotariu
|
|
Batting: RHB Jonathan Fraire
|
0-0: Ball 1-0: Swinging Strike 1-1: Called Strike 1-2: Strikes out swinging passed ball, reaches first!
|
Batting: LHB Jake Rheaume
|
0-0: Ball 1-0: Bunted foul 1-1: Sac Bunt to 13S - play at first, batter OUT! 1-4 Jonathan Fraire to second
|
Batting: RHB Adam Kaeser
|
0-0: Ball 1-0: Ball 2-0: Foul Ball, location: 2F 2-1: Foul Ball, location: 2F 2-2: Foul Ball, location: 2F 2-2: Ball 3-2: Ground out 6-3 (Groundball, 6, EV 87.5 MPH) Jonathan Fraire to third
|
Batting: LHB Mario Ocana
|
0-0: Swinging Strike 0-1: Swinging Strike 0-2: Ball 1-2: Strikes out swinging
|
Top of the 9th over - 0 runs, 0 hits, 0 errors, 1 left on base; Bowling Green 4 - West Michigan 0 |
BOTTOM OF THE 9TH |
West Michigan Whitecaps batting - Pitching for Bowling Green Hot Rods : LHP Chris Ross
|
Pitching: RHP Al Speer
|
|
Batting: RHB Aaron Cusick
|
0-0: Ball 1-0: Foul Ball, location: 2F 1-1: Ball 2-1: Ball 3-1: Base on Balls
|
Batting: SHB Andy Vivas
|
0-0: Grounds into double play, 3-6-3 (Groundball, 3S, EV 91.9 MPH)
|
Batting: RHB Bill Cabrera
|
0-0: SINGLE (Flyball, 56D, EV 90.0 MPH)
|
Batting: RHB Jon Pierce
|
0-0: Called Strike 0-1: Foul Ball, location: 2F 0-2: Ball 1-2: Foul Ball, location: 2F 1-2: Ball 2-2: Ball Passed Ball! Bill Cabrera to second 3-2: Base on Balls
|
Batting: RHB Victor Reyes
|
0-0: Swinging Strike 0-1: Ball 1-1: Ground out 5-3 (Groundball, 15, EV 86.3 MPH)
|
Bottom of the 9th over - 0 runs, 1 hit, 0 errors, 2 left on base; Bowling Green 4 - West Michigan 0 |
|